 Dungeon Crawl Stone Soup version 0.28.0 (console) character file.

Game seed: 7630526620957958514

43130 ryathie the Severer (level 13, -8/115 (121) HPs)
             Began as a Palentonga Fighter on Feb 10, 2022.
             Was an Elder of the Shining One.
             Killed from afar by a hell knight (27 damage)
             ... with a bolt of fire
             ... on level 1 of the Depths.
             The game lasted 00:45:03 (29059 turns).

ryathie the Severer (Palentonga Fighter)           Turns: 29059, Time: 00:45:03

HP:   -8/115 (121)  AC: 28    Str: 21    XL:     13   Next: 89%
MP:   18/18         EV:  8    Int: 10    God:    the Shining One [****..]
Gold: 77            SH:  4    Dex: 12    Spells: 12/12 levels left

rFire   . . .      SeeInvis +   D - +1 broad axe (vorpal)
rCold   . . .      Faith    .   c - +0 buckler
rNeg    + + .      Spirit   .   x - +3 plate armour {rPois}
rPois   +          Reflect  .   (no helmet)
rElec   .          Harm     .   u - +1 cloak
rCorr   .          Rampage  .   H - +1 pair of gloves
Will    .....                   (no barding)
Stlth   ..........              (no amulet)
HPRegen 0.29/turn               B - +4 ring of protection
MPRegen 0.16/turn               G - +4 ring of evasion

@: about to teleport, glowing, studying Axes, lightly drained, curled up
A: large, rugged brown scales 3, see invisible, deformed body, roll 1, armoured
tail, reflexive curl
a: Rolling Charge, Renounce Religion, Divine Shield, Cleansing Flame


You were on level 1 of the Depths.
You worshipped the Shining One.
The Shining One was greatly pleased with you.
You visited 2 branches of the dungeon, and saw 16 of its levels.

You collected 1013 gold pieces.
You spent 936 gold pieces at shops.

Inventory:

Hand Weapons
 C - a +4 scimitar of flaming
 D - a +1 vorpal broad axe (weapon)
Missiles
 k - 17 poisoned darts (quivered)
Armour
 c - a +0 buckler (worn)
 u - a +1 cloak (worn)
 x - a +3 plate armour of poison resistance (worn)
 H - a +1 pair of gloves (worn)
Jewellery
 g - a +4 ring of evasion
 q - a +6 ring of strength
 w - an amulet of faith
 B - a +4 ring of protection (left hand)
 G - a +4 ring of evasion (right hand)
Wands
 j - a wand of digging (15)
 m - a wand of flame (72)
 o - a wand of iceblast (7)
 I - a wand of polymorph (5)
Scrolls
 f - 2 scrolls of enchant armour
 l - 5 scrolls of teleportation
 n - a scroll of vulnerability
 r - a scroll of amnesia
 s - a scroll of blinking
 t - 2 scrolls of fog
 v - 3 scrolls of immolation
 y - a scroll of fear
 E - a scroll of identify
 J - a scroll of silence
Potions
 a - 3 potions of cancellation
 b - 2 potions of resistance
 d - a potion of might
 e - a potion of heal wounds
 h - 3 potions of haste
 i - a potion of mutation
 p - 3 potions of lignification
 z - 4 potions of attraction
 A - 6 potions of curing
 F - 2 potions of brilliance


   Skills:
 + Level 14.7 Fighting
 - Level 18.0 Axes
 - Level 2.0 Throwing
 - Level 5.0 Armour
 + Level 2.8 Shields
 - Level 7.4 Invocations
 - Level 4.0 Evocations


You had 12 spell levels left.
You didn't know any spells.
Your spell library contained the following spells:

 Spells                   Type           Power      Damage    Failure   Level
 Animate Skeleton         Necr           0%         N/A       100%        1
 Apportation              Tloc           0%         N/A       100%        1
 Magic Dart               Conj           0%         1d3       100%        1
 Pain                     Necr           0%         1d4       100%        1
 Summon Small Mammal      Summ           0%         N/A       100%        1
 Corpse Rot               Necr/Air       0%         N/A       100%        2
 Poisonous Vapours        Pois/Air       0%         N/A       100%        2
 Searing Ray              Conj           0%         2d4       100%        2
 Static Discharge         Conj/Air       0%         N/A       100%        2
 Stone Arrow              Conj/Erth      0%         3d7       100%        3
 Vampiric Draining        Necr           0%         2d6       100%        3
 Airstrike                Air            0%         N/A       100%        4
 Animate Armour           Summ/Erth      0%         N/A       100%        4
 Fulminant Prism          Conj/Hex       0%         3d6       100%        4
 Summon Lightning Spire   Summ/Air       0%         N/A       100%        4
 Blade Hands              Tmut           0%         N/A       100%        5
 Irradiate                Conj/Tmut      0%         3d13      100%        5
 Lightning Bolt           Conj/Air       0%         1d11      100%        5
 Summon Forest            Summ/Tloc      0%         N/A       100%        5
 Eringya's Noxious Bog    Tmut/Pois      0%         N/A       100%        6
 Dragon Form              Tmut           0%         N/A       100%        7
 Summon Hydra             Summ           0%         N/A       100%        7
 Lehudib's Crystal Spear  Conj/Erth      0%         10d2      100%        8
 Maxwell's Capacitive Co  Air            0%         ∞         100%        8


Dungeon Overview and Level Annotations

Branches:
Dungeon (15/15)            Temple (0/1) D:7            Lair (0/6) D:8
    Orc (0/2) D:11         Vaults (0/5) D:14         Depths (1/4) D:15

Altars:
Cheibriados
Dithmenos
Elyvilon
Kikubaaqudgha
Makhleb
Ru
Trog
Uskayaw
Xom
Yredelemnul
The Shining One
Beogh
Jiyva

Shops:
D:7 [   Depths:1 ==:

Portals:
Hell: Depths:1
Abyss: D:4

Annotations:
D:8 exclusion: downstairs
D:11 exclusion: downstairs
D:12 2 transporters
D:14 Saint Roka


Innate Abilities, Weirdness & Mutations

You are completely covered in rugged brown scales. (AC +3, +7% HP)
You have supernaturally acute eyesight. (SInv)
Armour fits poorly on your strangely shaped body.
You can roll at nearby foes to attack.
You have a long armoured tail.
You curl defensively after being hit. (AC +7*)


Message History

You feel sick.
You feel sick.
You feel sick.
You feel sick.
You feel sick.
You feel sick.
You are no longer poisoned.
A hell knight comes into view.
It is wielding a +0 halberd of draining.
The hell knight shouts!
The hell knight mumbles some strange words.
The hell knight seems to speed up.
A hell knight comes into view.
It is wielding a +5 long sword of distortion.
The hell knight shouts!
You hear a shout! x2
A hell knight comes into view. It is wielding a +0 battleaxe.
The hell knight hits you from afar with a +0 halberd of draining!
You partially resist.
You feel drained.
The hell knight shouts!
You block the hell knight's attack. You block the hell knight's attack.
The hell knight mumbles some strange words.
The hell knight seems to speed up.
The hell knight closely misses you.
The hell knight hits you from afar with a +0 halberd of draining!
You partially resist.
You feel drained.
Okay, then.
Press: ? - help, . - travel You can't see that place.
Unknown command.
As you read the scroll of teleportation, it crumbles to dust.
You feel strangely unstable. You block the hell knight's attack.
The hell knight points at you and mumbles some strange words.
The bolt of fire hits you!!
* * * LOW HITPOINT WARNING * * *
The hell knight hits you from afar with a +0 halberd of draining!
* * * LOW HITPOINT WARNING * * *
You partially resist.
You feel drained.
A hell knight comes into view. It is wielding a +5 vorpal great mace.
The hell knight casts a spell at you.
The bolt of fire hits the hell knight.
The hell knight completely resists.
The bolt of fire hits you!!
You die...

......# #..#.###.#.#..# #D..#♣..
......# #.#.⌠.###.♣.#.# #...#♣..
.##...###.☼#.#.###.#..# #...#♣..
###....§...####.####.## #....∩.⌠
#.#..)##..#.##.⌠.##.## #...#♣..
.....###.###.##.##.#######...#♣..
...........(...#.............#♣..
...).................D.......#♣♣♣
(...............@.p..........####
.[...................p.p.........
<.[.......>...)(.)...p...........
##########################.......
#....... #....... #.......
#....... #.......


You could see a golden dragon and 4 hell knights.

Vanquished Creatures
  A fire giant (D:15)
  A frost giant (Depths:1)
  4 stone giants
  An ettin (Depths:1)
  2 hydras
  2 boulder beetles
  4 centaur warriors
  Erica (D:8)
  2 deep troll shamans (D:15)
  2 dancing weapons (D:14)
  7 two-headed ogres
  A tengu warrior (D:13)
  A spark wasp zombie (Depths:1)
  3 deep trolls (D:15)
  An iron troll (D:15)
  The ghost of Daunt the Cleaver, a novice FoAE of Ignis (D:6)
  A necromancer (Depths:1)
  2 deep elf pyromancers
  9 ugly things
  A manticore (D:14)
  3 cyclopes
  An elephant (D:7)
  8 centaur zombies
  5 orange demons
  A gargoyle (D:9)
  A komodo dragon (D:10)
  An unseen horror (D:12)
  A spark wasp simulacrum (Depths:1)
  An efreet (D:13)
  An ancient zyme (D:4)
  A tengu conjurer (D:13)
  2 red devils (D:14)
  4 trolls
  A stone giant simulacrum (Depths:1)
  5 slime creatures (D:13)
  An ettin skeleton (Depths:1)
  3 shadows
  2 wraiths
  5 wyverns
  12 yaks
  The ghost of Acetwo5 the Cudgeller, an amateur MiFi (D:4)
  A basilisk (D:7)
  2 vampire mosquitoes (D:13)
  3 steam dragons
  2 wargs
  Edmund (D:4)
  An acid dragon (D:12)
  2 ice beasts
  5 orc warriors
  A black bear (D:7)
  3 sky beasts
  2 necrophages
  5 centaurs
  2 ogres
  2 small abominations (D:4)
  2 phantoms (D:4)
  A kobold brigand (D:4)
  2 bullfrogs
  2 scorpions
  A water moccasin skeleton (D:7)
  8 wights
  3 howler monkeys
  2 hounds
  A jelly (D:5)
  2 centaur skeletons (D:6)
  2 gnoll shamans (D:6)
  5 orc priests
  Jessica (D:2)
  2 iguanas
  Ijyb (D:3)
  Natasha (thrice) (D:2)
  12 orc wizards
  2 killer bee zombies
  A centaur simulacrum (D:6)
  A hound skeleton (D:5)
  A howler monkey zombie (D:9)
  14 gnolls
  8 adders
  2 shadow imps
  2 ufetubi (D:4)
  A worm (D:2)
  31 orcs
  6 endoplasms
  6 giant cockroaches
  8 goblins
  6 hobgoblins
  8 jackals
  3 quokkas
  4 ball pythons
  4 bats
  2 frilled lizards
  11 kobolds
  6 rats
316 creatures vanquished.

Vanquished Creatures (others)
  An ugly thing (D:14)
  A bush (Depths:1)
  2 fungi (D:8)
  10 plants
  5 withered plants (D:2)
19 creatures vanquished.

Grand Total: 335 creatures vanquished

Notes
Turn   | Place    | Note
-------+----------+-------------------------------------------
     0 | D:1      | ryathie the Palentonga Fighter began the quest for the Orb.
     0 | D:1      | Reached XP level 1. HP: 19/19 MP: 1/1
   352 | D:1      | Reached XP level 2. HP: 25/25 MP: 2/2
   881 | D:2      | Noticed Jessica
   991 | D:2      | Killed Jessica
   992 | D:2      | Reached skill level 3 in Axes
   992 | D:2      | Reached XP level 3. HP: 32/32 MP: 3/3
  1329 | D:2      | Reached XP level 4. HP: 35/39 MP: 4/4
  1553 | D:2      | Found a faded altar of an unknown god.
  1591 | D:2      | Noticed Natasha
  1594 | D:2      | Killed Natasha
  1730 | D:2      | Noticed Natasha
  1738 | D:2      | Killed Natasha
  1739 | D:2      | Reached XP level 5. HP: 37/46 MP: 5/5
  1804 | D:2      | You fall into a shaft and drop 1 floor!
  2084 | D:3      | Reached skill level 4 in Axes
  2407 | D:3      | Found a shadowy altar of Dithmenos.
  2710 | D:3      | Noticed Ijyb
  2723 | D:3      | Killed Ijyb
  3260 | D:2      | Reached skill level 1 in Throwing
  3260 | D:2      | Reached XP level 6. HP: 37/53 MP: 6/6
  3419 | D:2      | Noticed Natasha
  3427 | D:2      | Killed Natasha
  3428 | D:2      | Reached skill level 5 in Fighting
  3621 | D:4      | Found a one-way gate to the infinite horrors of the Abyss.
  3621 | D:4      | Noticed Acetwo5's ghost (amateur MiFi)
  3682 | D:4      | Noticed an ancient zyme
  3696 | D:4      | Noticed a small abomination
  3707 | D:4      | Found a transporter.
  3713 | D:4      | Found a transporter.
  3782 | D:4      | Noticed Edmund
  4209 | D:4      | Gained mutation: You curl defensively after being hit. (AC
                  | +7*) [Palentonga growth]
  4209 | D:4      | Reached XP level 7. HP: 54/59 MP: 7/7
  4224 | D:4      | Reached skill level 5 in Axes
  4372 | D:4      | Killed Edmund
  4590 | D:4      | Found a burning altar of Makhleb.
  4597 | D:4      | Found an ancient bone altar of Kikubaaqudgha.
  4597 | D:4      | Found a glowing golden altar of the Shining One.
  4604 | D:4      | Found a sacrificial altar of Ru.
  4604 | D:4      | Found a basalt altar of Yredelemnul.
  4935 | D:4      | Became a worshipper of the Shining One
  4985 | D:5      | Entered Level 5 of the Dungeon
  5262 | D:5      | Reached XP level 8. HP: 67/69 MP: 8/8
  5321 | D:5      | Reached skill level 6 in Axes
  5410 | D:5      | Noticed a two-headed ogre
  5618 | D:5      | Reached skill level 7 in Axes
  6363 | D:6      | Reached * piety under the Shining One
  6491 | D:6      | Found a runed translucent gate.
  6707 | D:6      | Found a runed translucent gate.
  6707 | D:6      | Found a runed translucent gate.
  6708 | D:6      | Noticed Daunt's ghost (novice FoAE)
  6829 | D:6      | Reached XP level 9. HP: 79/79 MP: 9/9
  7329 | D:7      | Reached skill level 8 in Axes
  7602 | D:7      | Found Varuic's Antique Armour Shop.
  7666 | D:7      | Found a shimmering altar of Xom.
  7694 | D:7      | Found a staircase to the Ecumenical Temple.
  7710 | D:7      | Reached ** piety under the Shining One
  8110 | D:8      | Found a snail-covered altar of Cheibriados.
  8117 | D:8      | Noticed an elephant
  8118 | D:8      | Found a staircase to the Lair.
  8128 | D:8      | Reached skill level 5 in Armour
  8166 | D:7      | Killed an elephant
  8263 | D:7      | Reached skill level 9 in Axes
  8890 | D:8      | Reached XP level 10. HP: 70/85 MP: 10/10
  9322 | D:8      | Noticed Erica
  9745 | D:8      | Reached skill level 10 in Fighting
  9779 | D:8      | Killed Erica
  9780 | D:8      | Reached skill level 10 in Axes
 10378 | D:9      | Noticed a two-headed ogre
 10914 | D:9      | Reached skill level 1 in Invocations
 10914 | D:9      | Reached skill level 1 in Evocations
 10936 | D:9      | Noticed a two-headed ogre
 11179 | D:9      | Killed a two-headed ogre
 11456 | D:9      | Killed a two-headed ogre
 11614 | D:10     | Entered Level 10 of the Dungeon
 12021 | D:10     | Found a hide-covered altar of Uskayaw.
 12021 | D:10     | Noticed a +0 dagger
 12021 | D:10     | Noticed a +0 hand axe
 12021 | D:10     | Reached *** piety under the Shining One
 12040 | D:10     | Noticed a gargoyle
 12203 | D:9      | Reached skill level 11 in Axes
 12206 | D:9      | Reached XP level 11. HP: 89/99 MP: 13/13
 13712 | D:11     | Noticed a two-headed ogre
 13717 | D:11     | Killed a two-headed ogre
 13838 | D:11     | Found a staircase to the Orcish Mines.
 13918 | D:11     | Noticed a deep elf pyromancer
 13984 | D:11     | Noticed a two-headed ogre
 14059 | D:11     | Killed a two-headed ogre
 14234 | D:11     | Killed a deep elf pyromancer
 14235 | D:11     | Reached skill level 12 in Axes
 14773 | D:12     | Noticed a deep elf pyromancer
 14779 | D:12     | Killed a deep elf pyromancer
 15010 | D:12     | Noticed a boulder beetle
 15023 | D:12     | Killed a boulder beetle
 15164 | D:12     | Noticed a great orb of eyes
 15166 | D:12     | Found a viscous altar of Jiyva.
 15311 | D:12     | Reached skill level 13 in Axes
 15340 | D:12     | Reached **** piety under the Shining One
 15532 | D:12     | Noticed a two-headed ogre
 15541 | D:12     | Killed a two-headed ogre
 15708 | D:12     | Found a transporter.
 15709 | D:12     | Found a transporter.
 15817 | D:12     | Noticed a two-headed ogre
 15836 | D:12     | Noticed a two-headed ogre
 16095 | D:12     | Killed a two-headed ogre
 16096 | D:12     | Reached XP level 12. HP: 93/109 MP: 15/15
 16182 | D:12     | Killed a two-headed ogre
 16379 | D:12     | Reached skill level 14 in Axes
 16550 | D:13     | Noticed a four-headed hydra
 16557 | D:13     | Killed a one-headed hydra
 16635 | D:13     | Noticed a centaur warrior
 16637 | D:13     | Killed a centaur warrior
 17000 | D:13     | Noticed a centaur warrior
 17009 | D:13     | Killed a centaur warrior
 17553 | D:13     | Noticed a tengu warrior
 17572 | D:13     | Killed a tengu warrior
 17573 | D:13     | Reached skill level 5 in Invocations
 17857 | D:13     | Reached skill level 15 in Axes
 18028 | D:13     | Noticed a boulder beetle
 18054 | D:13     | Killed a boulder beetle
 18102 | D:13     | Noticed a centaur warrior
 18106 | D:13     | Killed a centaur warrior
 18279 | D:13     | Found a white marble altar of Elyvilon.
 18836 | D:14     | Found a gate to the Vaults.
 19195 | D:14     | Identified a scroll of acquirement
 19196 | D:14     | Acquired a manual of Axes
 19297 | D:14     | Reached skill level 16 in Axes
 19849 | D:14     | Reached XP level 13. HP: 59/115 MP: 18/18
 20304 | D:15     | Entered Level 15 of the Dungeon
 20372 | D:15     | Found a staircase to the Depths.
 20372 | D:15     | Noticed a fire giant
 20789 | D:14     | Reached skill level 17 in Axes
 21638 | D:4      | Killed Acetwo5's ghost
 21945 | D:6      | Killed Daunt's ghost
 21945 | D:6      | Reached ***** piety under the Shining One
 22651 | D:15     | Killed a fire giant
 22652 | D:15     | Reached skill level 18 in Axes
 23126 | Depths:1 | Entered Level 1 of the Depths
 23126 | Depths:1 | Noticed a stone giant
 23272 | D:15     | Killed a stone giant
 23371 | Depths:1 | Found a bloodstained altar of Trog.
 23375 | Depths:1 | Noticed a stone giant
 25074 | Depths:1 | Killed a stone giant
 25089 | Depths:1 | Noticed a stone giant
 25345 | Depths:1 | Killed a stone giant
 25444 | Depths:1 | Noticed an ettin
 25852 | D:7      | Bought a glowing plate armour for 936 gold pieces
 26067 | Depths:1 | Killed an ettin
 26191 | Depths:1 | Noticed a frost giant
 26209 | Depths:1 | Killed a frost giant
 26890 | Depths:1 | Found Yrosigucekh's Jewellery Emporium.
 26893 | Depths:1 | Found Yplesy's Book Boutique.
 26894 | Depths:1 | Found Umioracs's Jewellery Emporium.
 26914 | Depths:1 | Noticed a stone giant
 27194 | Depths:1 | Killed a stone giant
 27484 | Depths:1 | Noticed Saint Roka
 27485 | Depths:1 | Found a gateway to Hell.
 27485 | Depths:1 | Noticed a golden dragon
 29059 | Depths:1 | Killed from afar by a hell knight

Illustrated notes

Levels and vault maps discovered:
D:1:      kennysheep_arrival_forest, layout_rooms, nicolae_figureground_pulse
D:2:      layout_loops_cross, ebering_ecumenical_altar_petrified, uniq_natasha,
          uniq_jessica
D:3:      layout_basic, grunt_dithmenos_smoke_and_mirrors, uniq_ijyb
D:4:      layout_basic, minmay_overflow_temple_star_hex,
          gammafunk_ghost_abyssal_escape, hangedman_glass_garden, uniq_edmund
D:5:      layout_rooms
D:6:      layout_basic, gammafunk_ghost_necromancy
D:7:      layout_rooms, xom_teletrap_fun, minmay_temple_entry_slanted,
          serial_shops, nicolae_take_the_stairs
D:8:      minmay_weird_star, layout_layer_cave,
          mainiacjoe_overflow_concentric_impassable, david_lair_generic,
          uniq_erica
D:9:      layout_loops_ring, minmay_large_rounded_square
D:10:     layout_layer_cave, dancing_weapons_uskayaw
D:11:     layout_cave_pools, minmay_orc_entry_temple_small
D:12:     gammafunk_jiyva_shrine, layout_gridville
D:13:     layout_irregular_city, elyvilon_altar_5
D:14:     layout_long_grid, erik_vaults_1, minmay_misc_feat_diagonals,
          minmay_beelzebubs_servants
D:15:     grunt_enter_depths_giant_problem, layout_gridville, abandoned_shop,
          serial_glass, glass_columns_c, glass_columns_b
Depths:1: layout_cross, grunt_decor_mini_mirrors, rand_demon_pan_entry_9,
          pf_vacation_house_of_asmodeus, serial_sigils_hangedman_scratch,
          trog_three_pillars_becter, minmay_shop_grove, uniq_saint_roka

Skill      XL: |  1  2  3  4  5  6  7  8  9 10 11 12 13 |
---------------+----------------------------------------+-----
Axes           | 3 4 5 7 9 11 13 16 18 | 18.0
Fighting       | 4 5 6 8 9 11 12 14 | 14.7
Throwing       | 1 2 |  2.0
Armour         | 3 4 5 |  5.0
Invocations    | 3 4 7 |  7.4
Evocations     | 2 4 |  4.0
Shields        | |  2.8

Action                   |  1- 3 |  4- 6 |  7- 9 | 10-12 | 13-15 || total
-------------------------+-------+-------+-------+-------+-------++-------
Melee: War axe           |    77 |   164 |   247 |    13 |       ||   501
       Tailslap          |     4 |    18 |    46 |    80 |    60 ||   208
       Broad axe         |       |       |       |   323 |   212 ||   535
       Scimitar          |       |       |       |     4 |     5 ||     9
Throw: Dart              |       |     3 |    15 |    62 |    18 ||    98
Invok: Divine Shield     |       |       |       |       |     2 ||     2
       Cleansing Flame   |       |       |       |       |     2 ||     2
 Abil: Rolling Charge    |    22 |    26 |    18 |    29 |     8 ||   103
Evoke: Wand              |       |       |       |     1 |     2 ||     3
  Use: Scroll            |       |       |       |    24 |     4 ||    28
       Potion            |       |       |       |     3 |     5 ||     8
Armor: Scale mail        |    24 |       |       |       |       ||    24
       Plate armour      |    20 |    97 |   182 |   207 |   102 ||   608
Dodge: Dodged            |    13 |    36 |    62 |   113 |    61 ||   285
Block: Buckler           |    15 |    36 |    48 |    47 |    40 ||   186
